 Dungeon Crawl Stone Soup version 0.31-a0-700-gf13585253f (webtiles) character file.

Game seed: 1104472889320680728

317 sejenkins the Magician (level 6, 0/45 HPs)
             Began as a Djinni Hedge Wizard on Sept 6, 2023.
             Slain by a black bear (8 damage)
             ... on level 5 of the Dungeon on Sept 7, 2023.
             The game lasted 00:23:51 (4144 turns).

sejenkins the Magician (Djinni Hedge Wizard)        Turns: 4144, Time: 00:23:51

Health: 0/45       AC:  3    Str:  9    XL:     6   Next: 74%
Gold:   127        EV: 12    Int: 17    God:
                   SH:  0    Dex: 13

rFire   + + .        a - +0 dagger
rCold   . . .        (no shield)
rNeg    . . .        q - +0 leather armour
rPois   ∞            c - +0 hat
rElec   .            (no cloak)
rCorr   .            (no gloves)
SInv    .            (boots unavailable)
Will    .....        (no amulet)
Stlth   ++           g - ring of protection from cold
HPRegen 0.27/turn    (no ring)
MPRegen 0.00/turn

%: infuse magic (-1 HP)
@: flying, very slightly contaminated
A: sickness immunity, fire resistance 2, cold vulnerability 1, float, innate
caster, HP casting, extra vitality 1
a: no special abilities


You were on level 5 of the Dungeon.
You visited 1 branch of the dungeon, and saw 5 of its levels.

You collected 281 gold pieces.
You spent 154 gold pieces at shops.

Inventory:

Hand Weapons
 a - a +0 dagger (weapon)
 n - a +0 sling
Missiles
 d - 5 datura-tipped darts
 f - 3 silver javelins (quivered)
Armour
 b - a +0 robe
 c - a +0 hat (worn)
 o - a +0 ring mail
 p - a +0 scale mail
 q - a +0 leather armour (worn)
 t - a +0 chain mail
 v - a +3 ring mail of willpower
Jewellery
 g - a ring of protection from cold (left hand)
Talismans
 m - a blade talisman
Wands
 i - a wand of digging (5)
Scrolls
 h - 2 scrolls of teleportation
 j - a scroll of revelation
 u - a scroll of identify
Potions
 e - 2 potions of curing
 l - a potion of haste
 r - 3 potions of heal wounds


   Skills:
 * Level 2.9 Fighting
 + Level 0.1 Short Blades
 + Level 0.6 Throwing
 + Level 3.5 Dodging
 + Level 2.2 Stealth
 * Level 3.7 Spellcasting
 * Level 3.7 Conjurations
 * Level 3.7 Hexes
 * Level 3.7 Summonings
 * Level 3.7 Necromancy
 * Level 3.7 Translocations
 * Level 3.7 Transmutations
 * Level 3.7 Fire Magic
 * Level 3.7 Ice Magic
 * Level 3.7 Air Magic
 * Level 3.7 Earth Magic
 * Level 3.7 Poison Magic
 * Level 1.9 Shapeshifting


You knew the following spells:

 Your Spells              Type           Power      Damage    Failure   Level
a - Magic Dart            Conj           60%        1d6       4%          1
b - Slow                  Hex            60%        N/A       4%          1
c - Blink                 Tloc           30%        N/A       8%          2
d - Call Imp              Summ           30%        N/A       8%          2
e - Mephitic Cloud        Conj/Pois/Air  15%        N/A       16%         3
f - Necrotise             Necr           60%        1d7       4%          1
g - Searing Ray           Conj           30%        2d5       8%          2
Your spell library was empty.

Dungeon Overview and Level Annotations

Branches:
Dungeon (5/15)
 Temple: D:4-7

Altars:
Fedhas
Qazlal
Trog
Uskayaw

Shops:
D:4 *!(

Annotations:
D:3 1 runed translucent door, Shayle's ghost, amateur OgSh
D:5 Ijyb


Innate Abilities, Weirdness & Mutations

You are immune to sickness and miasma.
You are immune to poison.
Your flesh is very heat resistant. (rF++)
You are vulnerable to cold. (rC-)
You float through the air rather than walking.
You learn spells naturally, not from books.
Your magical power is your life essence.
You have superior vitality. (+4 MHP)


Message History

Casting: Mephitic Cloud (dangerous; 16% risk of failure)
Confirm with . or Enter, or press ? or * to list all spells.
Aiming: Mephitic Cloud (dangerous; 16% risk of failure)
Press: ? - help, Shift-Dir - straight line, f/p - orc
Aim: an orc, wielding a +0 dagger (chance to affect: 96%)
The ball explodes into a vile cloud!
The stinking cloud engulfs the orc but does no damage.
The stinking cloud engulfs you but does no damage.
* * * LOW HITPOINT WARNING * * *
You hear an angry growl.
The orc hits you but does no damage.
The orc is engulfed in noxious fumes.
The orc appears confused.
A black bear comes into view.
Things that are here:
a +0 flail; an orc corpse The orc is engulfed in noxious fumes.
The orc appears confused.
Ijyb the Twisted Goblin comes into view.
She is wielding a +0 club and carrying a wand of iceblast.
Ijyb shouts!
An ice beast comes into view.
The orc is engulfed in noxious fumes.
The orc appears confused.
Casting: Mephitic Cloud (dangerous; 16% risk of failure)
Confirm with . or Enter, or press ? or * to list all spells.
Aiming: Searing Ray (safe; 8% risk of failure)
Press: ? - help, Shift-Dir - straight line, f/p - orc
Aim: an orc, wielding a +0 dagger (confused, 92% to hit)
The searing ray hits the orc.
The orc is almost dead. (Press . to maintain the ray.)
* * * LOW HITPOINT WARNING * * *
The searing ray hits the orc.
You kill the orc!
* * * LOW HITPOINT WARNING * * *
The black bear closely misses you. The black bear claws you.
* * * LOW HITPOINT WARNING * * *
The black bear claws you but does no damage.
The orc hits you with a +0 dagger.
* * * LOW HITPOINT WARNING * * *
* * * LOW HITPOINT WARNING * * *
The black bear bites you!
You die...

##### ##...##
##.....## #.......#
#####.......##
#..........?)###
#[##......)#o..#
#..##......).@.#
####.##.......#h.#
#..#.##..........g#
#...........##...Y.
###.#......#####.....
#........# ##....
##......... ....
#..###.##.. ... #.##
..#


You could see a black bear, an ice beast, Ijyb and an orc (confused).

Vanquished Creatures
  A scorpion (D:4)
  An orc priest (D:5)
  Jessica (D:3)
  2 iguanas
  A statue (D:3)
  3 adders
  A worm (D:2)
  2 dart slugs (D:4)
  3 orcs
  7 endoplasms
  3 giant cockroaches
  5 goblins
  7 hobgoblins
  11 jackals
  6 quokkas
  6 ball pythons
  3 bats
  5 frilled lizards
  2 kobolds
  4 rats
74 creatures vanquished.

Vanquished Creatures (collateral kills)
  An adder (D:4)
  A worm (D:4)
  A dart slug (D:1)
  A hobgoblin (D:1)
4 creatures vanquished.

Grand Total: 78 creatures vanquished

Notes
Turn   | Place    | Note
-------+----------+-------------------------------------------
     0 | D:1      | sejenkins the Djinni Hedge Wizard began the quest for the
                  | Orb.
     0 | D:1      | sejenkins set off with the following spells memorised:
                  | Magic Dart, Slow, Blink, Call Imp, Mephitic Cloud.
     0 | D:1      | Reached XP level 1. HP: 15/15 MP: 0/0
   102 | D:1      | Reached XP level 2. HP: 4/21 MP: 0/0
   350 | D:1      | Reached XP level 3. HP: 25/26 MP: 0/0
   350 | D:1      | Learned a level 1 spell: Necrotise
   462 | D:1      | Reached skill level 1 in Fighting
  1075 | D:2      | Reached XP level 4. HP: 28/32 MP: 0/0
  2057 | D:3      | Found a blossoming altar of Fedhas.
  2196 | D:3      | Noticed Jessica
  2210 | D:3      | Killed Jessica
  2211 | D:3      | Reached XP level 5. HP: 29/38 MP: 0/0
  2211 | D:3      | Learned a level 2 spell: Searing Ray
  2289 | D:3      | Noticed a charred statue
  2331 | D:3      | Killed a charred statue
  2464 | D:3      | Found a runed translucent door.
  2464 | D:3      | Noticed Shayle's ghost (amateur OgSh)
  2577 | D:3      | Found a stormy altar of Qazlal.
  3080 | D:4      | Reached skill level 1 in Shapeshifting
  3130 | D:4      | Reached XP level 6. HP: 6/45 MP: 0/0
  3381 | D:4      | Found a hide-covered altar of Uskayaw.
  3383 | D:4      | Found a bloodstained altar of Trog.
  3461 | D:4      | Found Neomuem's Assorted Antiques.
  3464 | D:4      | Bought a scroll labelled SESTROO COIRRUU for 25 gold pieces
  3464 | D:4      | Bought a scroll labelled SESTROO COIRRUU for 25 gold pieces
  3464 | D:4      | Bought a sapphire potion for 22 gold pieces
  3464 | D:4      | Bought a smoky coppery potion for 22 gold pieces
  3736 | D:4      | Found Gufeam's Distillery.
  3745 | D:4      | Bought a potion of curing for 30 gold pieces
  3745 | D:4      | Bought a potion of curing for 30 gold pieces
  3895 | D:4      | Found Tiproaf's Antique Weapon Shoppe.
  3899 | D:4      | Upgraded the game from 0.31-a0-691-g409c26aa35 to
                  | 0.31-a0-700-gf13585253f
  4048 | D:5      | Entered Level 5 of the Dungeon
  4138 | D:5      | Noticed a black bear
  4140 | D:5      | Noticed Ijyb
  4140 | D:5      | Noticed an ice beast
  4144 | D:5      | Slain by a black bear

Illustrated notes

Levels and vault maps discovered:
D:1:      matt_arrival_debris, layout_basic
D:2:      layout_basic, minmay_surrounded
D:3:      layout_basic, vehumet_statue, mainiacjoe_overflow_brackets,
          nicolae_qazlal_eye_of_the_storm, hellmonk_ghost_happy_afterlife,
          uniq_jessica
D:4:      layout_basic, grunt_temple_overflow_open, serial_shops,
          nicolae_shop_back_alley_shop, shop, nicolae_shop_behind_doors
D:5:      layout_rooms, uniq_ijyb

Skill      XL: |  1  2  3  4  5 |
---------------+----------------+-----
Spellcasting   | 3 |  3.7
Conjurations   | 3 |  3.7
Hexes          | 3 |  3.7
Summonings     | 3 |  3.7
Necromancy     | 3 |  3.7
Translocations | 3 |  3.7
Transmutations | 3 |  3.7
Fire Magic     | 3 |  3.7
Ice Magic      | 3 |  3.7
Air Magic      | 3 |  3.7
Earth Magic    | 3 |  3.7
Poison Magic   | 3 |  3.7
Dodging        | 3 |  3.5
Fighting       | 1 2 |  2.9
Stealth        | 2 |  2.2
Shapeshifting  | 1 |  1.9
Short Blades   | |  0.1
Throwing       | |  0.6

Action                     |  1- 3 |  4- 6 || total
---------------------------+-------+-------++-------
  Melee: Dagger            |     2 |    16 ||    18
  Throw: Javelin           |     5 |     7 ||    12
   Cast: Magic Dart        |    72 |   136 ||   208
         Call Imp          |     1 |     6 ||     7
         Mephitic Cloud    |       |    10 ||    10
         Searing Ray       |       |     4 ||     4
         Blink             |       |     1 ||     1
    Use: Scroll            |       |    11 ||    11
   Stab: Confused          |       |     1 ||     1
 Armour: Robe              |    10 |     9 ||    19
         Skin              |       |     9 ||     9
         Leather armour    |       |     5 ||     5
  Dodge: Dodged            |    13 |    31 ||    44

Table legend: (Time is in decaauts)
 A = Elapsed time spent in this place.
 B = Non-inter-level travel time spent in this place.
 C = Inter-level travel time spent in this place.
 D = Time resting spent in this place.
 E = Time spent auto-exploring this place.
 F = Levels seen in this place.
 G = Mean time per level.
                   A        B        C        D        E       F      G
               +--------+--------+--------+--------+--------+-----+--------+
         Total |   4148 |   4070 |     78 |     85 |   3211 |   5 |  829.6 |
       Dungeon |   4148 |   4070 |     78 |     85 |   3211 |   5 |  829.6 |
               +--------+--------+--------+--------+--------+-----+--------+

Top non-repeatable levels by time:
     D:4: 1181 daAuts
     D:1: 1024 daAuts
     D:2: 985 daAuts
     D:3: 862 daAuts
     D:5: 95 daAuts
